 Dungeon Crawl Stone Soup version 0.27-a0-1272-g7c8ad2e407 (webtiles) character file.

Game seed: 15849671059986621955

196 DeathSun the Cudgeller (level 5, -1/32 HPs)
             Began as a Gargoyle Fighter on June 11, 2021.
             Was a Priest of Lugonu.
             Slain by an iguana (4 damage)
             ... on level 4 of the Dungeon.
             The game lasted 00:05:05 (3000 turns).

DeathSun the Cudgeller (Gargoyle Fighter)           Turns: 3000, Time: 00:05:05

Health: -1/32      AC: 10    Str: 21    XL:     5   Next: 74%
Magic:  7/7        EV:  7    Int:  8    God:    Lugonu [***...]
Gold:   126        SH:  9    Dex:  9    Spells: 4/4 levels left

rFire    . . .     SeeInvis .   a - +0 flail
rCold    . . .     Faith    .   c - +0 kite shield
rNeg     + + .     Spirit   .   b - +0 scale mail
rPois    ∞         Reflect  .   (no helmet)
rElec    +         Harm     .   (no cloak)
rCorr    .         Rampage  .   (no gloves)
Will     .....                  (no boots)
Stlth    ..........             (no amulet)
HPRegen  0.10/turn              n - ring of positive energy
MPRegen  0.10/turn              (no ring)

@: no status effects
A: sickness immunity, AC +4, negative energy resistance 1, electricity
resistance, torment resistance 1, petrification resistance
a: Renounce Religion, Depart the Abyss, Bend Space, Banish


You were on level 4 of the Dungeon.
You worshipped Lugonu.
Lugonu was most pleased with you.
You visited 1 branch of the dungeon, and saw 4 of its levels.

You collected 126 gold pieces.

Inventory:

Hand Weapons
 a - a +0 flail (weapon)
Armour
 b - a +0 scale mail (worn)
 c - a +0 kite shield (worn)
Jewellery
 l - a ring of wizardry
 n - a ring of positive energy (left hand)
Wands
 p - a wand of iceblast (9)
Scrolls
 e - a scroll of torment {unknown}
 f - 3 scrolls of noise {unknown}
 g - 6 scrolls of identify {unknown}
 h - a scroll of fog {unknown}
 j - a scroll of blinking {unknown}
 m - 3 scrolls of amnesia {unknown}
Potions
 d - 2 potions of might
 i - 2 potions of heal wounds {unknown}
 k - a potion of haste {unknown}
 o - 4 potions of curing {unknown}


   Skills:
 - Level 3.2 Fighting
 * Level 5.0 Maces & Flails
 - Level 3.2 Armour
 - Level 3.2 Shields
 + Level 2.7 Invocations


You had 4 spell levels left.
You didn't know any spells.
Your spell library was empty.

Dungeon Overview and Level Annotations

Branches:
Dungeon (4/15)
 Temple: D:4-7

Altars:
Lugonu

Shops:
D:2 [

Annotations:
D:2 1 runed translucent door, Crazy Yiuf


Innate Abilities, Weirdness & Mutations

You are immune to sickness and miasma.
Your stone body is resilient. (AC +4)
You are immune to poison.
You resist negative energy. (rN+)
You are resistant to electric shocks. (rElec)
You are resistant to unholy torment.
You are immune to petrification.


Message History

The iguana barely misses you.
You barely miss the iguana.
The iguana is lightly wounded.
The iguana bites you.
You barely miss the iguana.
The iguana is lightly wounded.
The iguana barely misses you.
Your scale mail prevents you from hitting the iguana.
The iguana is lightly wounded.
The iguana bites you. x2
You hit the iguana.
The iguana is moderately wounded.
The iguana completely misses you.
You completely miss the iguana.
The iguana is lightly wounded.
The iguana bites you. The iguana closely misses you.
You sock the iguana!
The iguana is severely wounded.
You block the iguana's attack.
You barely miss the iguana.
The iguana is severely wounded.
You block the iguana's attack.
You barely miss the iguana.
The iguana is severely wounded.
You block the iguana's attack. x2
You barely miss the iguana.
The iguana is severely wounded.
You block the iguana's attack.
You barely miss the iguana.
The iguana is severely wounded.
The iguana bites you.
You closely miss the iguana.
The iguana is severely wounded.
The iguana bites you!
* * * LOW HITPOINT WARNING * * *
The iguana bites you but does no damage.
You barely miss the iguana.
The iguana is severely wounded.
The iguana bites you.
You die...

#.###.#####
#.# ..# #.#
... #.#
.... #.#
...# #.#
...# #.#
#.# #@# #l#
#........
#........
#........
#.#######
#.# . #.#
#.#


You could see an iguana.

Vanquished Creatures
  A necrophage (D:3)
  A hound skeleton (D:4)
  4 adders
  4 orcs (D:3)
  7 bats
  4 endoplasms
  4 giant cockroaches
  2 hobgoblins
  6 jackals (D:1)
  A quokka (D:1)
  6 ball pythons
  4 frilled lizards (D:1)
  4 goblins
  7 kobolds
  7 rats
62 creatures vanquished.

Notes
Turn   | Place    | Note
-------+----------+-------------------------------------------
     0 | D:1      | DeathSun the Gargoyle Fighter began the quest for the Orb.
     0 | D:1      | Reached XP level 1. HP: 14/14 MP: 1/1
   298 | D:1      | Reached XP level 2. HP: 17/19 MP: 2/2
   387 | D:1      | Found a faded altar of an unknown god.
   403 | D:1      | Became a worshipper of Lugonu the Unformed
   403 | D:1      | Reached * piety under Lugonu
   403 | D:1      | Reached ** piety under Lugonu
   447 | D:1      | Reached skill level 3 in Maces & Flails
   735 | D:1      | Reached XP level 3. HP: 23/23 MP: 3/3
  1128 | D:2      | Found Ocawem's Antique Armour Shop.
  1292 | D:2      | Reached skill level 1 in Invocations
  1613 | D:2      | Reached XP level 4. HP: 28/28 MP: 5/5
  1615 | D:2      | Reached *** piety under Lugonu
  1788 | D:2      | Found a runed translucent door.
  1789 | D:2      | Noticed Crazy Yiuf
  1922 | D:2      | Reached skill level 4 in Maces & Flails
  2135 | D:3      | Noticed a necrophage
  2416 | D:3      | Killed a necrophage
  2417 | D:3      | Reached XP level 5. HP: 32/32 MP: 6/6
  2874 | D:3      | Reached skill level 5 in Maces & Flails
  3000 | D:4      | Slain by an iguana

Illustrated notes

Levels and vault maps discovered:
D:1:      minmay_arrival_jagged, layout_basic, ebering_ecumenical_altar_ruins,
          kennysheep_nondescript, chequers_serial_rivers_micro_d
D:2:      layout_basic, serial_shops, shop, uniq_crazy_yiuf_cottage
D:3:      layout_loops_ring, dk_vineyard_1
D:4:      layout_basic, nicolae_elyvilon_peaceful_grove,
          nicolae_overflow_crystal_walls, serial_co_window_serial,
          co_window_corner_a, co_window_paths_a, co_window_of_opportunity_a,
          co_window_corner_a, co_window_corner_a, co_window_2corner,
          co_window_cross_2, co_window_broadway_b, co_window_unsneaky_path_e,
          co_window_of_opportunity_b, co_window_broadway_b, glass_columns_a,
          glass_columns_a, nicolae_ossuary_entry_plus

Skill      XL: |  1  2  3  4  5 |
---------------+----------------+-----
Maces & Flails | 3 4 5 |  5.0
Invocations    | 1 2 |  2.7
Fighting       | |  3.2
Armour         | |  3.2
Shields        | |  3.2

Action                   |  1- 3 |  4- 6 || total
-------------------------+-------+-------++-------
Melee: Flail             |   162 |   107 ||   269
Armor: Scale mail        |   101 |    47 ||   148
Dodge: Dodged            |    66 |    28 ||    94
Block: Kite shield       |    98 |    51 ||   149

Table legend: (Time is in decaauts)
 A = Elapsed time spent in this place.
 B = Non-inter-level travel time spent in this place.
 C = Inter-level travel time spent in this place.
 D = Time resting spent in this place.
 E = Time spent auto-exploring this place.
 F = Levels seen in this place.
 G = Mean time per level.
                   A        B        C        D        E       F      G
               +--------+--------+--------+--------+--------+-----+--------+
         Total |   3122 |   2960 |    162 |    471 |   1863 |   4 |  780.5 |
       Dungeon |   3122 |   2960 |    162 |    471 |   1863 |   4 |  780.5 |
               +--------+--------+--------+--------+--------+-----+--------+

Top non-repeatable levels by time:
     D:1: 1179 daAuts
     D:2: 1077 daAuts
     D:3: 817 daAuts
     D:4: 47 daAuts
